 Dungeon Crawl Stone Soup version 0.29-a0-664-gff9cad4a3d (webtiles) character file.

Game seed: 5396949422967196523

74 sobakacece the Magician (level 4, -4/32 HPs)
             Began as a Djinni Earth Elementalist on June 22, 2022.
             Slain by Robin
             ... wielding a +0 mace
              (8 damage)
             ... on level 3 of the Dungeon.
             The game lasted 00:04:09 (2278 turns).

sobakacece the Magician (Djinni Earth Elementalist) Turns: 2278, Time: 00:04:10

Health: -4/32      AC:  2    Str:  7    XL:     4   Next: 52%
Gold:   149        EV: 13    Int: 18    God:
                   SH:  0    Dex: 20

rFire   + + .      SeeInvis .   l - +0 short sword
rCold   x . .      Faith    .   (no shield)
rNeg    . . .      Spirit   .   a - +0 robe
rPois   ∞          Reflect  .   (no helmet)
rElec   .          Harm     .   (no cloak)
rCorr   .          Rampage  .   (no gloves)
Will    .....                   (boots unavailable)
Stlth   ++........              (no amulet)
HPRegen 0.10/turn               m - +6 ring of dexterity
MPRegen 0.00/turn               (no ring)

@: flying
A: sickness immunity, fire resistance 2, cold vulnerability 1, float, innate
caster, HP casting, extra vitality 1
a: no special abilities


You were on level 3 of the Dungeon.
You visited 1 branch of the dungeon, and saw 3 of its levels.

You collected 149 gold pieces.

Inventory:

Hand Weapons
 g - a +0 dagger
 l - a +0 short sword (weapon)
Missiles
 h - 31 stones
Armour
 a - a +0 robe (worn)
Jewellery
 m - a +6 ring of dexterity (left hand)
Scrolls
 c - a scroll of amnesia {unknown}
 d - a scroll of vulnerability {unknown}
 k - 3 scrolls of identify {unknown}
 n - a scroll of poison {unknown}
 o - a scroll of silence {unknown}
Potions
 b - a potion of lignification {unknown}
 e - 2 potions of invisibility {unknown}
 f - a potion of mutation {unknown}
 i - 2 potions of degeneration {unknown}
 j - 2 potions of heal wounds {unknown}


   Skills:
 * Level 1.1 Fighting
 - Level 2.3 Dodging
 - Level 1.6 Stealth
 + Level 3.6 Spellcasting


You couldn't memorise any spells.
You knew the following spells:

 Your Spells              Type           Power      Damage    Failure   Level
a - Sandblast             Erth           32%        2d9       3%          1
b - Passwall              Tmut/Erth      13%        N/A       5%          2
c - Stone Arrow           Conj/Erth      32%        3d9       11%         3
d - Petrify               Tmut/Erth      16%        N/A       34%         4
e - Beastly Appendage     Tmut           32%        N/A       3%          1
Your spell library was empty.

Dungeon Overview and Level Annotations

Branches:
Dungeon (3/15)

Altars:

Annotations:
D:3 2 exclusions, Grinder, Robin


Innate Abilities, Weirdness & Mutations

You are immune to sickness and miasma.
You are immune to poison.
Your flesh is very heat resistant. (rF++)
You are vulnerable to cold. (rC-)
You float through the air rather than walking.
You learn spells naturally, not from books.
Your magical power is your life essence.
You have superior vitality. (+4 MHP)


Message History

Aim: a hobgoblin (79% to hit)
The blast of sand hits the hobgoblin.
You kill the hobgoblin!
* * * LOW HITPOINT WARNING * * *
The hobgoblin no longer looks unusually strong.
Robin roars a battlecry!
The hobgoblin goes into a battle-frenzy!
The goblin closely misses you.
Casting: Sandblast (safe; 3% risk of failure)
Confirm with . or Enter, or press ? or * to list all spells.
Aiming: Sandblast (safe; 3% risk of failure)
Press: ? - help, Shift-Dir - straight line, f - goblin
Aim: a goblin, wielding a +0 club (strong, 74% to hit)
The blast of sand hits the goblin.
You kill the goblin!
* * * LOW HITPOINT WARNING * * *
The hobgoblin barely misses you.
Casting: Sandblast (safe; 3% risk of failure)
Confirm with . or Enter, or press ? or * to list all spells.
Aiming: Sandblast (safe; 3% risk of failure)
Press: ? - help, Shift-Dir - straight line, f - hobgoblin
Aim: a hobgoblin (strong, 79% to hit)
The blast of sand hits the hobgoblin!
You kill the hobgoblin!
* * * LOW HITPOINT WARNING * * *
The hobgoblin no longer looks unusually strong.
Robin roars a battlecry!
The hobgoblin goes into a battle-frenzy!
Casting: Sandblast (safe; 3% risk of failure)
Confirm with . or Enter, or press ? or * to list all spells.
Aiming: Sandblast (safe; 3% risk of failure)
Press: ? - help, Shift-Dir - straight line, f - Robin
Aim: Robin, wielding a +0 mace, wearing a +0 animal skin and wearing a +0 helmet (85% to hit)
The blast of sand hits Robin but does no damage.
* * * LOW HITPOINT WARNING * * *
Robin laughs in a distinctly smug fashion.
Robin hits you with a +0 mace.
* * * LOW HITPOINT WARNING * * *
Robin hits you with a +0 mace!
You die...

.# .# .# ###########
.##### ######.)@gg.....
.#.#.#.##......)######..
................###
.##+##.##..........)
.#...#........#<####
.'...+.#......#.#
.#...#....#####.#
.##'##.#..# #.#
........#.# #.#


You could see Robin and a hobgoblin (strong).

Vanquished Creatures
  A dart slug (D:2)
  6 endoplasms
  5 giant cockroaches
  8 goblins
  7 hobgoblins
  4 jackals (D:2)
  4 quokkas (D:1)
  4 ball pythons
  10 bats
  2 frilled lizards (D:2)
  4 kobolds
  3 rats
58 creatures vanquished.

Notes
Turn   | Place    | Note
-------+----------+-------------------------------------------
     0 | D:1      | sobakacece the Djinni Earth Elementalist began the quest
                  | for the Orb.
     0 | D:1      | sobakacece set off with the following spells memorised:
                  | Sandblast, Passwall, Stone Arrow, Petrify.
     0 | D:1      | Reached XP level 1. HP: 15/15 MP: 0/0
   324 | D:1      | Reached XP level 2. HP: 19/21 MP: 0/0
   573 | D:1      | Found a faded altar of an unknown god.
   725 | D:1      | Reached skill level 3 in Spellcasting
   906 | D:1      | Reached XP level 3. HP: 24/25 MP: 0/0
   906 | D:1      | Learned a level 1 spell: Beastly Appendage
  1745 | D:2      | Reached XP level 4. HP: 30/31 MP: 0/0
  2001 | D:2      | Reached skill level 1 in Fighting
  2105 | D:3      | Noticed Grinder
  2267 | D:3      | Noticed Robin
  2278 | D:3      | Slain by Robin

Illustrated notes

Levels and vault maps discovered:
D:1:      psy_arrival_fountain, layout_basic,
          hellmonk_ecumenical_altar_crossroads
D:2:      layout_basic, interstate_on_off
D:3:      layout_loops_ring, serial_shops, nicolae_diamond_shop,
          minmay_misc_feat_doors, uniq_robin, uniq_grinder

Skill      XL: |  1  2  3  4 |
---------------+-------------+-----
Spellcasting   | 3 |  3.6
Fighting       | 1 |  1.1
Dodging        | |  2.3
Stealth        | |  1.6

Action                   |  1- 3 |  4- 6 || total
-------------------------+-------+-------++-------
 Cast: Sandblast         |    54 |    27 ||    81
Armor: Robe              |    10 |     3 ||    13
Dodge: Dodged            |    22 |    16 ||    38

Table legend: (Time is in decaauts)
 A = Elapsed time spent in this place.
 B = Non-inter-level travel time spent in this place.
 C = Inter-level travel time spent in this place.
 D = Time resting spent in this place.
 E = Time spent auto-exploring this place.
 F = Levels seen in this place.
 G = Mean time per level.
                   A        B        C        D        E       F      G
               +--------+--------+--------+--------+--------+-----+--------+
         Total |   2360 |   2302 |     58 |      0 |   1985 |   3 |  786.7 |
       Dungeon |   2360 |   2302 |     58 |      0 |   1985 |   3 |  786.7 |
               +--------+--------+--------+--------+--------+-----+--------+

Top non-repeatable levels by time:
     D:1: 1292 daAuts
     D:2: 849 daAuts
     D:3: 217 daAuts
